 Dungeon Crawl Stone Soup version 0.31.0-9-g3a7656b989 (webtiles) character file.

Game seed: 9158007875600869212

122 qw the Ducker (level 4, -3/22 HPs)
             Began as a Spriggan Hunter on Feb 2, 2024.
             Incinerated by a bombardier beetle (5 damage)
             ... with a burning spray
             ... on level 3 of the Dungeon.
             The game lasted 00:00:05 (1558 turns).

qw the Ducker (Spriggan Hunter)                     Turns: 1558, Time: 00:00:06

Health: -3/22      AC:  2    Str:  7    XL:     4   Next: 78%
Magic:  5/5        EV: 20    Int: 10    God:
Gold:   85         SH:  0    Dex: 20    Spells: 3/3 levels left

rFire   . . .        a - +1 shortbow
rCold   . . .        (shield currently unavailable)
rNeg    . . .        c - +0 robe
rPois   .            (helmet restricted)
rElec   .            (no cloak)
rCorr   .            (gloves unavailable)
SInv    +            (boots unavailable)
Will    .....        (no amulet)
Stlth   +            (no ring)
HPRegen 0.23/turn    (no ring)
MPRegen 0.09/turn

%: no passive effects
@: on fire, attractive, glowing, very quick
A: very small, no large weapons, unfitting armour, see invisible, speed 3
a: no special abilities


You were on level 3 of the Dungeon.
You visited 1 branch of the dungeon, and saw 3 of its levels.

You collected 85 gold pieces.


Innate Abilities, Weirdness & Mutations

You are very small and have problems with some larger weapons.
You are too small for most types of armour.
You have supernaturally acute eyesight. (SInv)
You cover ground extremely quickly. (Speed+++)


   Skills:
 + Level 1.5 Fighting
 - Level 5.0 Ranged Weapons
 - Level 5.3 Dodging
 - Level 1.5 Stealth


You had 3 spell levels left.
You didn't know any spells.
Your spell library was empty.

Inventory:

Hand Weapons
 a - a +1 shortbow (weapon)
Armour
 c - a +0 robe (worn)
Scrolls
 g - 2 scrolls of teleportation
Potions
 i - a potion of haste
 j - a potion of heal wounds
 k - a potion of curing

Dungeon Overview and Level Annotations

Branches:
Dungeon (3/15)

Altars:


Message History

Done exploring.
1518 ||| DRINKING 2 viscous blue potions.
It was a potion of heal wounds.
You feel much better.
Done exploring.
1519 ||| DROPPING 2 scrolls of revelation.
You drop 2 scrolls of revelation.
Done exploring.
1520 ||| DROPPING potion of attraction.
You drop a potion of attraction.
Done exploring.
What level of the Dungeon? (default 2, ? - help)
You swap places.
There is a stone staircase leading down here.
You climb downwards.
There is a stone staircase leading up here.
Waypoint 2 assigned to D:3.
Found a scroll of summoning.
You see here a scroll of summoning.
A bombardier beetle comes into view.
The bombardier beetle is attracted toward you.
You shoot an arrow. The arrow hits the bombardier beetle!
The bombardier beetle is heavily wounded.
The bombardier beetle is attracted toward you.
You shoot an arrow. The arrow hits the bombardier beetle!
The bombardier beetle is almost dead.
The bombardier beetle sprays incendiary fluid at you.
The burning spray hits you.
You are covered in liquid fire!
You shoot an arrow. The arrow hits the bombardier beetle.
You kill the bombardier beetle!
The liquid fire burns you!
Your Dodging skill increases to level 5!
You are on fire!
The liquid fire burns you!
You are on fire!
The liquid fire burns you!
You are on fire!
The liquid fire burns you!
You are on fire!
The liquid fire burns you!
You die...

## # #.
#.#.#####
#.......#
####.##.#
#.##.#
#<##?#
#.##@#
#.#.%.......
#.#.#..####.
#... ....
###. #####
.. #. #.


There were no monsters in sight!

Vanquished Creatures
  A bombardier beetle (D:3)
  3 adders (D:2)
  A dart slug (D:1)
  3 ribbon worms (D:2)
  4 bats
  6 endoplasms
  3 giant cockroaches
  5 goblins (D:1)
  6 hobgoblins
  4 kobolds
  A quokka (D:1)
  5 ball pythons
  3 frilled lizards
  5 rats
50 creatures vanquished.

Notes
Turn   | Place    | Note
-------+----------+-------------------------------------------
     0 | D:1      | qw the Spriggan Hunter began the quest for the Orb.
     0 | D:1      | Reached XP level 1. HP: 10/10 MP: 2/2
     0 | D:1      | 0 ||| qw: Version: 0.3-a-155-g5e7d8dd
     0 | D:1      | 0 ||| qw: Game counter: 2734
     0 | D:1      | 0 ||| qw: Melee chars always use a shield: true
     0 | D:1      | 0 ||| qw: God list: Okawaru
     0 | D:1      | 0 ||| qw: Allow faded altars: false
     0 | D:1      | 0 ||| qw: Do Orc after clearing Dungeon:15 true
     0 | D:1      | 0 ||| qw: Do second Lair branch before Depths: true
     0 | D:1      | 0 ||| qw: Lair rune preference: random
     0 | D:1      | 0 ||| qw: Goals: Normal
     0 | D:1      | 0 ||| PLANNING D:1-11
    16 | D:1      | Reached skill level 3 in Dodging
   188 | D:1      | Reached XP level 2. HP: 14/14 MP: 3/3
   478 | D:1      | Reached XP level 3. HP: 18/18 MP: 4/4
   778 | D:1      | 778 ||| READING scroll labelled UKHE IPSUWIJEUL.
   779 | D:1      | 779 ||| READING scroll labelled QOPIOLEMAOSEP.
   779 | D:1      | 779 ||| ENCHANTING +0 shortbow.
   780 | D:1      | 780 ||| READING scroll labelled OKLEONN NOZIRA.
   780 | D:1      | 780 ||| ENCHANTING +0 shortbow.
   781 | D:1      | 781 ||| READING scroll labelled NAHIPTABLUTS.
   882 | D:1      | 882 ||| READING scroll labelled JIUKOH LUUNGIP.
   885 | D:1      | 885 ||| DROPPING scroll of butterflies.
  1229 | D:2      | Reached XP level 4. HP: 19/22 MP: 5/5
  1512 | D:2      | 1512 ||| DROPPING ring of flight.
  1513 | D:2      | 1513 ||| READING 3 scrolls labelled ELLUEDUGING.
  1514 | D:2      | 1514 ||| READING 2 scrolls labelled ANUPEI SOSIQEU.
  1514 | D:2      | 1514 ||| IDENTIFYING murky cyan potion
  1515 | D:2      | 1515 ||| READING scroll of identify.
  1515 | D:2      | 1515 ||| IDENTIFYING glowing orange potion
  1516 | D:2      | 1516 ||| READING scroll labelled EFREYRA NIEGO.
  1517 | D:2      | 1517 ||| DRINKING 2 emerald potions.
  1518 | D:2      | 1518 ||| DRINKING 2 viscous blue potions.
  1519 | D:2      | 1519 ||| DROPPING 2 scrolls of revelation.
  1520 | D:2      | 1520 ||| DROPPING potion of attraction.
  1556 | D:3      | HP: 5/22 [burnt (6)]
  1557 | D:3      | HP: 1/22 [burnt (4)]
  1558 | D:3      | Incinerated by a bombardier beetle

Levels and vault maps discovered:
D:1:      tarquinn_simple_flora_water_c, layout_basic, minmay_tetromino_o4
D:2:      minmay_door_path, layout_loops_ring
D:3:      layout_basic, chequers_serial_rivers_small_b

Skill      XL: |  1  2  3  4 |
---------------+-------------+-----
Dodging        | 3 4 5 |  5.3
Ranged Weapons | 5 |  5.0
Fighting       | |  1.5
Stealth        | |  1.5

Action                     |  1- 3 |  4- 6 || total
---------------------------+-------+-------++-------
   Fire: Shortbow          |    94 |    31 ||   125
    Use: Scroll            |     5 |     4 ||     9
         Potion            |       |     2 ||     2
 Armour: Robe              |     5 |     3 ||     8
  Dodge: Dodged            |    15 |     5 ||    20

Table legend:
 A = Non-vault XP
 B = Vault XP
 C = Vault XP percentage of total XP
 D = Non-vault monster count
 E = Vault monster count
 F = Vault count percentage of total count
                 A         B        C        D         E       F
            +---------+---------+-------+---------+---------+-------
      Total |     159 |      16 |   9.1 |      42 |       8 |  16.0
            +---------+---------+-------+---------+---------+-------
        D:1 |      35 |      10 |  22.2 |      20 |       4 |  16.7
        D:2 |      76 |       6 |   7.3 |      21 |       4 |  16.0
        D:3 |      48 |       0 |   0.0 |       1 |       0 |   0.0
            +---------+---------+-------+---------+---------+-------
